 Dungeon Sprint DCSS version 0.31-a0-656-gb4d89c20fa (webtiles) character file.

Game seed: 6219349924698919822

694 rocky1 the Grappler (level 7, -5/51 HPs)
             Began as a Demonspawn Shapeshifter on Aug 31, 2023.
             Was an Initiate of Gozag.
             Slain by a white ugly thing (30 damage)
             ... in the Dungeon (Sprint IX: "|||||||||||||||||||||||||||||").
             The game lasted 00:02:06 (600 turns).

rocky1 the Grappler (Demonspawn Shapeshifter)        Turns: 600, Time: 00:02:07

Health: -5/51      AC:  9    Str: 15    XL:     7   Next: 37%
Magic:  7/7        EV: 12    Int: 16    God:    Gozag
Gold:   729        SH:  0    Dex: 12    Spells: 6/6 levels left

rFire   . .          .
                       - Unarmed
rCold   . . .        (no shield)
rNeg    . . .        p - +1 chain mail
rPois   .            (helmet currently unavailable)
rElec   .            (cloak currently unavailable)
rCorr   .            (gloves currently unavailable)
SInv    .            (boots currently unavailable)
Will    .....        (no amulet) Stlth
                     q - +2 ring of evasion
HPRegen 0.28/turn    r - +3 ring of intelligence
MPRegen 0.10/turn

%: no teleportation
@: beast-form
A: beast (slay +4), repulsion field 1, ignite blood 1, spiny 1
a: Begin Untransformation, Renounce Religion, Potion Petition, Call Merchant,
Bribe Branch


You were in the Dungeon.
You worshipped Gozag.
Gozag was pleased with you.
You were a hulking beast.
You visited 1 branch You collected 729 gold pieces.

Inventory:

Hand Weapons
 n - a +2 scimitar of flaming
 s - a +0 shortbow
Armour
 a - a +0 animal skin
 o - a +0 cloak
 p - a +1 chain mail (worn)
Jewellery
 q - a +2 ring of evasion (left hand)
 r - a +3 ring of intelligence (right hand)
Talismans
 c - a beast talisman (active)
 d - a flux talisman
Wands
 m - a wand of iceblast (9)
Scrolls
 j - 2 scrolls of blinking
 l - 2 scrolls of amnesia
Potions
 b - a potion of lignification
 e - 5 potions of curing
 f - 2 potions of heal wounds
 g - a potion of haste
 h - 4 potions of magic
 i - a potion of berserk rage
 k - a potion of invisibility


   Skills:
 + Level 2.8 Fighting
 + Level 1.7 Armour
 + Level 4.7 Dodging
 + Level 0.9 Stealth
 + Level 10.9 Unarmed Combat
 + Level 8.6 Shapeshifting


You had 6 spell levels left.
You didn't know any spells.
Your spell library was empty.

Dungeon Overview and Level Annotations

Branches:
Dungeon (1/1)

Altars:
Cheibriados
Dithmenos
Fedhas
Gozag
Hepliaklqana
Kikubaaqudgha
Makhleb
Nemelex Xobeh
Okawaru
Qazlal
Ru
Sif Muna
Trog
Uskayaw
Vehumet
Wu Jian
Xom
Yredelemnul
Jiyva
Lugonu


Innate Abilities, Weirdness & Mutations

You are a hulking beast.
Your limbs bulge with bestial killing power. (Slay +4)
You are surrounded by a mild repulsion field. (EV +2)
Your demonic aura sometimes causes spilled blood to erupt in flames.
You are partially covered in sharp spines.


Message History

An acid dragon, an entropy weaver, a five-headed hydra, a troll, a wraith and a white ugly thing come into view.
The acid dragon roars!
The entropy weaver shouts!
The five-headed hydra roars!
The troll shouts!
Unknown command.
Okay, then.
Okay, then.
Okay, then.
You hit the white ugly thing.
The white ugly thing is lightly wounded.
The white ugly thing is struck by your spines.
The white ugly thing barely misses you.
You closely miss the white ugly thing.
The white ugly thing is lightly wounded.
The white ugly thing is struck by your spines.
The white ugly thing barely misses you.
You closely miss the white ugly thing.
The white ugly thing is lightly wounded.
The white ugly thing is struck by your spines.
The white ugly thing gores you but does no damage.
You completely miss the white ugly thing.
The white ugly thing is lightly wounded.
You hit the white ugly thing.
The white ugly thing is moderately wounded.
The white ugly thing barely misses you.
You punch the white ugly thing!
The white ugly thing is moderately wounded.
The white ugly thing gores you but does no damage.
You punch the white ugly thing!
The white ugly thing is heavily wounded.
The white ugly thing gores you! The white ugly thing freezes you!
You hit the white ugly thing.
The white ugly thing is severely wounded.
The white ugly thing gores you. The white ugly thing freezes you!!
* * * LOW HITPOINT WARNING * * *
Unknown command.
You feel much better. The white ugly thing gores you.
The white ugly thing freezes you!!
Ouch! That really hurt!
You die...
Your body crumbles into a pile of gold.

▓.▓
▓D▓
▓B▓
▓T▓
▓W▓
▓D▓
▓u▓
▓h▓
▓.▓
▓.▓
▓)▓
▓.▓
▓.▓
▓)▓
▓.▓
▓.▓


You could see a five-headed hydra, an entropy weaver, a white ugly thing, a
troll, a wraith and an acid dragon.

Vanquished Creatures
  A wyvern (D)
  A yak (D)
  2 centaurs (D)
  A kobold brigand (D)
  A killer bee (D)
  A howler monkey (D)
  A hound (D)
  2 iguanas (D)
  An ufetubus (D)
  A dart slug (D)
  A ball python (D)
  2 endoplasms (D)
  A hobgoblin (D)
16 creatures vanquished.

Notes
Turn   | Place    | Note
-------+----------+-------------------------------------------
     0 | D        | rocky1 the Demonspawn Shapeshifter began the quest for the
                  | Orb.
     0 | D        | Reached XP level 1. HP: 15/15 MP: 1/1
     7 | D        | Reached skill level 3 in Unarmed Combat
    17 | D        | Gained mutation: You are surrounded by a mild repulsion
                  | field. (EV +2) [demonic ancestry]
    17 | D        | Reached XP level 2. HP: 7/21 MP: 2/2
    80 | D        | Noticed a howler monkey
    86 | D        | Killed a howler monkey
    87 | D        | Reached skill level 5 in Unarmed Combat
    87 | D        | Gained mutation: You are partially covered in sharp spines.
                  | [demonic ancestry]
    87 | D        | Reached XP level 3. HP: 12/26 MP: 3/3
    92 | D        | Reached skill level 5 in Shapeshifting
    92 | D        | Reached XP level 4. HP: 16/32 MP: 4/4
    96 | D        | Reached skill level 6 in Unarmed Combat
   389 | D        | Found a snail-covered altar of Cheibriados.
   389 | D        | Found a shadowy altar of Dithmenos.
   389 | D        | Found a blossoming altar of Fedhas.
   389 | D        | Found an opulent altar of Gozag.
   390 | D        | Found a hazy altar of Hepliaklqana.
   391 | D        | Found a viscous altar of Jiyva.
   392 | D        | Found an ancient bone altar of Kikubaaqudgha.
   393 | D        | Found a corrupted altar of Lugonu.
   394 | D        | Found a burning altar of Makhleb.
   395 | D        | Found a sparkling altar of Nemelex Xobeh.
   396 | D        | Found an iron altar of Okawaru.
   397 | D        | Became a worshipper of Gozag Ym Sagoz the Greedy
   398 | D        | Found a stormy altar of Qazlal.
   399 | D        | Found a sacrificial altar of Ru.
   400 | D        | Found a shimmering blue altar of Sif Muna.
   401 | D        | Found a bloodstained altar of Trog.
   402 | D        | Found a hide-covered altar of Uskayaw.
   403 | D        | Found a radiant altar of Vehumet.
   404 | D        | Found an ornate altar of the Wu Jian Council.
   405 | D        | Found a shimmering altar of Xom.
   406 | D        | Found a basalt altar of Yredelemnul.
   416 | D        | Found the +7 Spriggan's Knife {stab, EV+4 Stlth+}
   447 | D        | Noticed a centaur
   447 | D        | Noticed a yak
   447 | D        | Noticed a centaur
   447 | D        | Noticed a wyvern
   447 | D        | Noticed a kobold brigand
   452 | D        | Killed a kobold brigand
   453 | D        | Reached skill level 7 in Unarmed Combat
   453 | D        | Gained mutation: Your demonic aura sometimes causes spilled
                  | blood to erupt in flames. [demonic ancestry]
   453 | D        | Reached XP level 5. HP: 34/38 MP: 5/5
   458 | D        | Killed a wyvern
   459 | D        | Reached skill level 9 in Unarmed Combat
   459 | D        | Reached XP level 6. HP: 20/44 MP: 6/6
   461 | D        | Killed a yak
   462 | D        | Reached skill level 1 in Armour
   462 | D        | Reached skill level 10 in Unarmed Combat
   465 | D        | Reached XP level 7. HP: 25/51 MP: 7/7
   591 | D        | Noticed an entropy weaver
   591 | D        | Noticed a five-headed hydra
   591 | D        | Noticed a troll
   591 | D        | Noticed a wraith
   591 | D        | Noticed a white ugly thing
   600 | D        | Slain by a white ugly thing

Illustrated notes

Levels and vault maps discovered:
D:        linesprint [early_d, line_temple, items_1, d_10, items_2, lair_1,
          lair_end, items_3, orc_1, orc_end, items_4, d_15, swamp_1, shoals_1,
          snake_1, spider_1, d_20, vaults_1, items_5, swamp_end, shoals_end,
          snake_end, spider_end, vaults_end, d_27, items_6, zot_1, zot_end,
          crypt_end, forest_end, elf_end, slime_end, tomb_end, abyss_end,
          pan_hell_end]

Skill      XL: |  1  2  3  4  5  6 |
---------------+-------------------+-----
Unarmed Combat | 3 5 7 9 10 | 10.9
Shapeshifting  | 3 4 5 6 7 8 |  8.6
Dodging        | 2 3 4 |  4.7
Fighting       | 2 |  2.8
Armour         | 1 |  1.7
Stealth        | |  0.9

Action                     |  1- 3 |  4- 6 |  7- 9 || total
---------------------------+-------+-------+-------++-------
  Melee: Unarmed           |    23 |    24 |    10 ||    57
         Punch             |       |     1 |       ||     1
  Evoke: Wand              |       |     1 |       ||     1
    Use: Potion            |       |       |     1 ||     1
 Armour: Animal skin       |       |     2 |       ||     2
         Chain mail        |       |     5 |     6 ||    11
  Dodge: Dodged            |     9 |    13 |     4 ||    26

Table legend: (Time is in decaauts)
 A = Elapsed time spent in this place.
 B = Non-inter-level travel time spent in this place.
 C = Inter-level travel time spent in this place.
 D = Time resting spent in this place.
 E = Time spent auto-exploring this place.
 F = Levels seen in this place.
 G = Mean time per level.
                   A        B        C        D        E       F      G
               +--------+--------+--------+--------+--------+-----+--------+
         Total |    592 |    592 |      0 |    443 |      0 |   1 |  592.0 |
       Dungeon |    592 |    592 |      0 |    443 |      0 |   1 |  592.0 |
               +--------+--------+--------+--------+--------+-----+--------+

Top non-repeatable levels by time:
       D: 592 daAuts
